 Dungeon Crawl Stone Soup version 0.18-a0-1485-g189885c (webtiles) character file.

45 SlimeFever the Skirmisher (level 3, -1/29 HPs)
             Began as a Demonspawn Berserker on Mar 3, 2016.
             Was a Believer of Trog.
             Succumbed to Sigmund's poison
             ... on level 2 of the Dungeon.
             The game lasted 00:06:58 (988 turns).

SlimeFever the Skirmisher (Demonspawn Berserker)     Turns: 988, Time: 00:06:58

Health: -1/29      AC:  4    Str: 18    XL:     3   Next: 42%
Magic:  3/3        EV:  9    Int:  8    God:    Trog [**....]
Gold:   79         SH:  7    Dex: 12    Spells: 0 memorised, 2 levels left

rFire  . . .     SeeInvis .     a - +0 falchion
rCold  . . .     Gourm    .     h - +0 leather armour (curse)
rNeg   . . .     Faith    .     p - +0 shield
rPois  .         Spirit   .     (helmet restricted)
rElec  .         Dismiss  .     j - +0 cloak
rCorr  .         Reflect  .     (no gloves)
SustAt .         Harm     .     (no boots)
MR     .....                    (no amulet)
Stlth  +.........               (no ring)
                                (no ring)

@: lethally poisoned (-1 -> -16), very slightly contaminated, not resistant to
hostile enchantments, very unstealthy
A: horns 1, evolution 1, MP-powered wands
a: Berserk, Trog's Hand, Burn Spellbooks, Renounce Religion


You were on level 2 of the Dungeon.
You worshipped Trog.
Trog was pleased with you.
You were not hungry.

You visited 1 branch of the dungeon, and saw 2 of its levels.

You collected 79 gold pieces.

Inventory:

Hand Weapons
 a - a +0 falchion (weapon)
 e - a +0 hunting sling
 n - a +1 dagger of venom
Missiles
 d - 47 bolts
 f - 24 arrows
 k - 18 sling bullets
Armour
 b - a +0 animal skin
 h - a cursed +0 leather armour (worn)
 j - a +0 cloak (worn)
 p - a +0 shield (worn)
Scrolls
 g - a scroll of immolation
Potions
 m - 2 potions of mutation
Comestibles
 c - a bread ration
 i - 3 meat rations
 l - a beef jerky


   Skills:
 + Level 3.6 Fighting
 * Level 3.1 Long Blades
 + Level 2.0 Armour
 + Level 2.1 Dodging
 * Level 0.1 Shields


You had 2 spell levels left.
You didn't know any spells.

Dungeon Overview and Level Annotations

Branches:
Dungeon (2/15)

Altars:
Cheibriados
Fedhas
Yredelemnul

Annotations:
D:2 Sigmund


Innate Abilities, Weirdness & Mutations

You have a pair of small horns on your head.
You evolve.
You expend magic power (3 MP) to strengthen your wands.


Message History

There is a web here.
You pick your way through the web.
Sigmund struggles to get unstuck from the web.
There is a web here.
You hit Sigmund but do no damage.
Sigmund pulls away from the web.
You slash Sigmund!
Sigmund is moderately wounded.
Sigmund points at you and mumbles some strange words.
You resist with significant effort. Sigmund closely misses you.
Your shield prevents you from hitting Sigmund.
Sigmund is moderately wounded.
You hit Sigmund. You headbutt Sigmund.
Sigmund is heavily wounded.
Sigmund hits you with a scythe of venom.
You are lethally poisoned!
The worm bites you!
* * * LOW HITPOINT WARNING * * *
As you read the scroll labeled HIUPTO WUREMI, it crumbles to dust.
You feel aware of your surroundings.
It was a scroll of magic mapping.
You die...

#.# *****.*#......... *********
#.# *,,,.,...###.#.#. *,,,,,,,*
#.# *,,**,........... *,,,,,,,*
#.# **,*,,,,,.....### *,,,,,,,*
*## ****,,,,....,*## *,,,,,,,*
#######*,,,,...,,*#. *,,,,,,,*
#^._^.#*,,,,..,,....
*,,,,,,,****##^..##*,,,,.,,,.*#.
*,,,,,,,$,,*#..@..##..)(.....##.
*,,,,,,,..,*##@w^###.........#..
*,,,,,,,...**##'####........##.#
*,,,,,,,...$###.# #.........*#.#
********^.......# #........###.#
*........###.............
*................#..##...
*......#.................
*......#.............####


You could see Sigmund and a worm.

Vanquished Creatures
  An ooze (D:1)
  A worm (D:2)
  A dart slug (D:1)
  3 giant geckos
  A ball python (D:2)
  2 bats (D:1)
  3 giant cockroaches
  2 goblins
  2 hobgoblins
  4 jackals (D:1)
  A giant newt (D:2)
  6 kobolds
  A rat (D:1)
  A spectral orc (D:2)
29 creatures vanquished.

Notes
Turn   | Place    | Note
--------------------------------------------------------------
     0 | D:1      | SlimeFever the Demonspawn Berserker began the quest for the Orb.
     0 | D:1      | Reached XP level 1. HP: 18/18 MP: 1/1
   193 | D:1      | Gained mutation: You have a pair of small horns on your head. [demonic ancestry]
   193 | D:1      | Reached XP level 2. HP: 22/24 MP: 2/2
   529 | D:1      | Reached XP level 3. HP: 29/29 MP: 3/3
   772 | D:2      | Found a snail-covered altar of Cheibriados.
   776 | D:2      | Reached ** piety under Trog
   842 | D:2      | Found a blossoming altar of Fedhas.
   958 | D:2      | Noticed Sigmund
   961 | D:2      | Gained mutation: You evolve. [potion of mutation]
   961 | D:2      | Gained mutation: You expend magic power (3 MP) to strengthen your wands. [potion of mutation]
   970 | D:2      | Found a basalt altar of Yredelemnul.
   987 | D:2      | HP: 1/29 [worm (11)]
   988 | D:2      | Succumbed to Sigmund's poison

Vault maps used:
D:1:      eino_arrival_tree_alley
D:2:      yredelemnul_forgotten_temple_becter, marbit_many_paths,
          overflow_temple_1_default, uniq_natasha, uniq_sigmund

Skill      XL: |  1  2 |
---------------+-------+-----
Dodging        | 2 |  2.1
Armour         | 2 |  2.0
Long Blades    | 3 |  3.1
Fighting       | |  3.6
Shields        | |  0.1

Action                   || total
-------------------------++-------
Melee: Falchion          ||    87
  Use: Scroll            ||     3
       Potion            ||     1
